 Dungeon Crawl Stone Soup version 0.27.1-33-g824d729ab1 (webtiles) character file.

Game seed: 12521731908167389139

4724 zeram the Protected (level 10, -3/88 HPs)
             Began as a Hill Orc Fighter on Dec 4, 2021.
             Was a Follower of Qazlal.
             Collided with a rock wall (4 damage)
             ... caused by Erica
             ... while paralysed by Erica
             ... on level 8 of the Dungeon.
             The game lasted 00:12:25 (9135 turns).

zeram the Protected (Hill Orc Fighter)              Turns: 9135, Time: 00:12:25

Health: -3/88      AC: 19    Str: 23    XL:     10   Next: 45%
Magic:  0/10       EV:  2    Int: 14    God:    Qazlal [*.....]
Gold:   479        SH:  0    Dex: 10    Spells: 9/9 levels left

rFire    . . .     SeeInvis .   v - +5 trident
rCold    . . .     Faith    .   c - +0 kite shield
rNeg     . . .     Spirit   +   g - +0 plate armour
rPois    .         Reflect  .   (no helmet)
rElec    .         Harm     .   l - +0 cloak
rCorr    .         Rampage  .   n - +0 pair of gloves
Will     .....                  f - +0 pair of boots
Stlth    ..........             e - amulet of guardian spirit
HPRegen  0.24/turn              b - +4 ring of evasion
MPRegen  0.12/turn              y - +6 ring of intelligence

@: paralysed, slowed
A: no striking features
a: Renounce Religion


You were on level 8 of the Dungeon.
You worshipped Qazlal.
Qazlal was aware of your devotion.
You visited 1 branch of the dungeon, and saw 8 of its levels.

You collected 479 gold pieces.

Inventory:

Hand Weapons
 a - a +1 war axe
 v - a +5 trident (weapon)
Missiles
 h - 4 throwing nets (quivered)
Armour
 c - a +0 kite shield (worn)
 f - a +0 pair of boots (worn)
 g - a +0 plate armour (worn)
 l - a +0 cloak (worn)
 n - a +0 pair of gloves (worn)
Jewellery
 b - a +4 ring of evasion (left hand)
 e - an amulet of guardian spirit (around neck)
 p - an amulet of faith
 y - a +6 ring of intelligence (right hand)
Wands
 d - a wand of polymorph (4)
 z - a wand of flame (15)
Scrolls
 r - a scroll of blinking
 w - 3 scrolls of holy word
Potions
 i - 2 potions of curing
 j - a potion of attraction
 k - a potion of degeneration
 m - a potion of cancellation
 o - 3 potions of magic
 q - a potion of haste
 s - 3 potions of lignification
 t - a potion of heal wounds


   Skills:
 + Level 8.0 Fighting
 - Level 8.9 Axes
 + Level 10.3 Armour
 + Level 9.7 Shields


You had 9 spell levels left.
You didn't know any spells.
Your spell library contained the following spells:

 Spells                   Type           Power      Damage    Failure   Level
 Stone Arrow              Conj/Erth      0%         3d7       100%        3
 Bolt of Magma            Conj/Fire/Erth 0%         4d4       100%        5
 Shatter                  Erth           0%         3d5*      100%        9


Dungeon Overview and Level Annotations

Branches:
Dungeon (8/15)             Temple (0/1) D:7            Lair (0/6) D:8

Altars:
Fedhas
Gozag
Hepliaklqana
Makhleb
Nemelex Xobeh
Okawaru
Qazlal
Uskayaw
Vehumet
Xom
Zin
The Shining One

Shops:
D:4 *

Annotations:
D:8 Erica


Message History

You hear some strange, mumbled words.
You feel yourself slow down.
You puncture something! Something hits you but does no damage.
Something hits you. Something burns you.
You hit something.
You hear a zap.
Something tries to affect you, but you resist.
Something hits you! Something burns you.
You hit something.
You hear some strange, mumbled words.
A bolt of poison appears from out of thin air!
The bolt of poison hits you!
You are poisoned.
You hear some strange, mumbled words.
A lance of force appears from out of thin air!
The lance of force hits you!
You are knocked back by the lance of force.
You slam into the rock wall!
You feel very sick.
You feel very sick.
You hear a zap.
Something tries to affect you, but you resist.
You feel sick.
You hear a zap.
You suddenly lose the ability to move!
The now-empty wand crumbles to dust.
You feel sick. x3
Something hits you but does no damage.
You feel sick. Something hits you!
* * * LOW HITPOINT WARNING * * *
Something burns you.
* * * LOW HITPOINT WARNING * * *
You feel sick.
You are no longer poisoned.
You hear some strange, mumbled words.
A lance of force appears from out of thin air!
The lance of force hits you!
* * * LOW HITPOINT WARNING * * *
You are knocked back by the lance of force.
You slam into the rock wall!
You die...

#.......# #.......# #.......#
#.......# #.......#
#####.......######
###.................
#...####>...........
#.#@.{......#.>.....
##########...######.## #.....
#...........#### #.# ##.....
#..............####.###...#.#
#............#..(.......#...#
#............................
########................#....
##########.........<.######...
#.........##..................


There were no monsters in sight!

Vanquished Creatures
  Harold (D:7)
  A two-headed ogre (D:7)
  Pikel (D:6)
  Joseph (D:7)
  Psyche (D:8)
  A troll (D:6)
  A water moccasin (D:6)
  3 orc warriors
  A sky beast (D:5)
  3 wolves
  2 centaurs
  A bullfrog (D:8)
  3 scorpions
  8 wights
  2 electric eels (D:8)
  A crimson imp (D:6)
  7 hounds
  3 orc priests
  A bullfrog skeleton (D:4)
  A gnoll shaman (D:8)
  4 iguanas
  A gnoll (D:7)
  5 adders
  A howler monkey skeleton (D:7)
  2 shadow imps
  A white imp (D:7)
  An ufetubus (D:7)
  3 worms
  17 orcs
  8 ball pythons
  3 endoplasms
  3 giant cockroaches
  3 goblins
  7 hobgoblins
  2 jackals (D:3)
  3 quokkas
  10 bats
  A frilled lizard (D:3)
  8 kobolds
  10 rats
136 creatures vanquished.

Vanquished Creatures (others)
  An orc priest (D:8)
  2 gnolls (D:8)
  An orc (D:8)
  2 fungi (D:6)
6 creatures vanquished.

Grand Total: 142 creatures vanquished

Notes
Turn   | Place    | Note
-------+----------+-------------------------------------------
     0 | D:1      | zeram the Hill Orc Fighter began the quest for the Orb.
     0 | D:1      | Reached XP level 1. HP: 19/19 MP: 1/1
   235 | D:1      | Reached XP level 2. HP: 27/27 MP: 2/2
   923 | D:2      | Reached XP level 3. HP: 24/33 MP: 3/3
  1069 | D:2      | Found a faded altar of an unknown god.
  1145 | D:2      | Reached skill level 4 in Armour
  1494 | D:2      | Reached XP level 4. HP: 26/40 MP: 4/4
  2392 | D:3      | Found an iron altar of Okawaru.
  2838 | D:4      | Reached XP level 5. HP: 41/46 MP: 3/5
  2963 | D:4      | Found Zin's Purification Station.
  2964 | D:4      | Found a glowing silver altar of Zin.
  3217 | D:5      | Entered Level 5 of the Dungeon
  3313 | D:5      | Reached skill level 5 in Axes
  3360 | D:5      | Noticed a sky beast
  3371 | D:5      | Killed a sky beast
  3372 | D:5      | Reached XP level 6. HP: 32/53 MP: 3/6
  3550 | D:5      | Found a blossoming altar of Fedhas.
  3554 | D:5      | Found a stormy altar of Qazlal.
  3680 | D:5      | Reached skill level 5 in Armour
  4046 | D:6      | Noticed a water moccasin
  4055 | D:6      | Reached XP level 7. HP: 43/60 MP: 3/7
  4322 | D:5      | Became a worshipper of Qazlal Stormbringer
  4745 | D:6      | Noticed Pikel
  4766 | D:6      | Killed Pikel
  4767 | D:6      | Reached skill level 5 in Fighting
  4767 | D:6      | Reached skill level 6 in Armour
  4767 | D:6      | Reached skill level 5 in Shields
  4767 | D:6      | Reached XP level 8. HP: 64/68 MP: 8/8
  4855 | D:6      | Found an opulent altar of Gozag.
  4855 | D:6      | Found a sparkling altar of Nemelex Xobeh.
  5055 | D:6      | Found a shimmering altar of Xom.
  5063 | D:6      | Found a glowing golden altar of the Shining One.
  5188 | D:6      | Found a radiant altar of Vehumet.
  5188 | D:6      | Found a burning altar of Makhleb.
  5633 | D:7      | Reached skill level 7 in Armour
  6445 | D:7      | Reached XP level 9. HP: 52/75 MP: 6/9
  6572 | D:7      | Noticed Joseph
  6591 | D:7      | Killed Joseph
  6592 | D:7      | Reached skill level 8 in Armour
  6846 | D:7      | Found a hide-covered altar of Uskayaw.
  6902 | D:7      | Found a staircase to the Ecumenical Temple.
  6942 | D:8      | Noticed a two-headed ogre
  6959 | D:7      | Killed a two-headed ogre
  6960 | D:7      | Reached skill level 9 in Armour
  7221 | D:8      | Noticed Harold
  7363 | D:8      | Noticed a troll
  7645 | D:6      | Killed a troll
  7754 | D:7      | Reached * piety under Qazlal
  7755 | D:7      | Reached XP level 10. HP: 67/86 MP: 8/10
  7909 | D:7      | Killed Harold
  7910 | D:7      | Reached skill level 10 in Armour
  8414 | D:8      | Found a staircase to the Lair.
  8652 | D:8      | Found a hazy altar of Hepliaklqana.
  8673 | D:8      | Noticed Psyche
  8700 | D:8      | Killed Psyche
  9108 | D:8      | Noticed Erica
  9130 | D:8      | Paralysed by something for 7 turns
  9135 | D:8      | HP: 1/88 [something/lance of force (8)]
  9135 | D:8      | Collided with a rock wall

Illustrated notes

Levels and vault maps discovered:
D:1:      amcnicky_arrival_flooded_fountain, layout_loops_ring,
          minmay_hedge_maze
D:2:      layout_loops_corners, hellmonk_ecumenical_altar_heavens_door,
          minivault_4
D:3:      cheibrodos_helix_gallery, layout_basic, mainiacjoe_overflow_catwalk,
          minivault_27
D:4:      layout_cave_pools, zin_purify
D:5:      layout_basic, grunt_temple_overflow_forces_of_nature,
          minmay_misc_feat_nine_boxes, kennysheep_doodads,
          kennysheep_generic_room_15
D:6:      layout_layer_cave, grunt_temple_overflow_lords_of_destruction,
          grunt_temple_overflow_opulence, mainiacjoe_overflow_catch_the_wave,
          uniq_pikel
D:7:      layout_basic, nicolae_uskayaw_murder_on_the_dancefloor, temple_hall,
          minmay_misc_feat_alley, uniq_joseph
D:8:      layout_rooms, lemuel_coloured_pillars_altar, erik_lair_island,
          uniq_psyche, uniq_erica, uniq_harold

Skill      XL: |  1  2  3  4  5  6  7  8  9 10 |
---------------+-------------------------------+-----
Axes           | 3 4 5 6 8 |  8.9
Armour         | 4 5 6 7 9 10 | 10.3
Fighting       | 4 5 6 7 8 |  8.0
Shields        | 4 5 6 8 9 |  9.7

Action                   |  1- 3 |  4- 6 |  7- 9 | 10-12 || total
-------------------------+-------+-------+-------+-------++-------
Melee: War axe           |    98 |   144 |    90 |       ||   332
       Trident           |       |       |   152 |   106 ||   258
  Use: Scroll            |     3 |     4 |     5 |     5 ||    17
       Potion            |       |     1 |     3 |       ||     4
Armor: Scale mail        |     3 |       |       |       ||     3
       Plate armour      |    64 |    78 |   108 |    45 ||   295
Dodge: Dodged            |     6 |    43 |    89 |    29 ||   167
Block: Kite shield       |    53 |    82 |   153 |    63 ||   351
